Map: Ghost River LE

Players

Shmeeg - Winner!

  • Race: Terran Terran
  • Spawn Location: 11:00

MattPack

  • Race: Zerg Zerg
  • Spawn Location: 1:00

VOD

Have the link to the VOD?

Description

Time

  • Played on: Aug. 25, 2024, 8:24 a.m.
  • Length: 6:15
Show
View Real Time Build Order
Export as new Build Order

Shmeeg Terran - Winner!

Build Orders: Reaper Expand, Hellion Banshee 

Get SALT Encoding   

  12  0:00  SCV  
  13  0:12  SCV  
  14  0:17  Supply Depot  
  14  0:24  SCV  
  15  0:38  SCV  
  15  0:39  Barracks  
  16  0:44  Refinery  
  16  0:50  SCV  
  17  1:02  SCV  
  18  1:15  SCV  
  19  1:27  Orbital Command, Reaper  
  20  1:45  Command Center  
  20  1:52  Bunker  
  21  1:54  SCV  
  21  1:59  Marine  
  22  2:07  SCV  
  23  2:11  Supply Depot  
  23  2:18  Factory  
  23  2:31  Barracks Reactor  
  23  2:32  SCV  
  23  2:33  Refinery  
  24  2:44  SCV  
  25  2:56  SCV  
  26  2:59  Orbital Command  
  26  3:04  Starport  
  26  3:08  SCV  
  27  3:15  Hellion  
  27  3:16  Hellion  
  27  3:17  Barracks Tech Lab  
  31  3:21  SCV  
  31  3:26  SCV  
  33  3:33  SCV  
  34  3:35  Supply Depot  
  34  3:37  Hellion x2  
  34  3:38  SCV  
  39  3:45  SCV  
  40  3:48  Banshee  
  40  3:49  Cloaking Field  
  40  3:50  SCV  
  44  3:57  SCV, Supply Depot  
  44  3:58  Hellion  
  44  4:00  Hellion  
  49  4:04  SCV  
  49  4:09  SCV  
  51  4:17  SCV  
  51  4:20  Cyclone  
  51  4:21  Cyclone, SCV  
  51  4:23  Armory  
  56  4:28  Supply Depot  
  56  4:29  SCV  
  57  4:33  Banshee, SCV  
  61  4:41  SCV  
  61  4:42  Supply Depot  
  62  4:46  Supply Depot  
  62  4:50  SCV  
  62  4:52  Cyclone  
  65  4:53  Cyclone, SCV  
  68  5:02  SCV, Supply Depot x2  
  68  5:05  SCV  
  70  5:14  SCV  
  70  5:17  Banshee  
  70  5:18  SCV  
  75  5:24  Hellion  
  75  5:25  Hellion  
  79  5:30  SCV, Command Center  
  79  5:32  Barracks Tech Lab  
  79  5:33  Barracks  
  79  5:34  Barracks  
  80  5:42  SCV  
  81  5:46  Engineering Bay  
  81  5:47  Engineering Bay, Refinery  
  81  5:48  Refinery  
  81  5:52  Hellion x2  
  81  5:53  SCV  
  81  5:54  SCV  
Show
View Real Time Build Order
Export as new Build Order

MattPack Zerg 

Build Orders: Pool First 

Get SALT Encoding   

  12  0:00  Drone  
  13  0:08  Drone  
  14  0:17  Overlord  
  14  0:29  Drone, Extractor  
  14  0:35  Drone x2  
  16  0:47  Drone  
  17  0:52  Spawning Pool  
  17  0:57  Drone  
  17  1:05  Drone  
  18  1:28  Drone x2  
  18  1:31  Hatchery  
  19  1:52  Zergling x2  
  19  1:53  Zergling x2  
  21  1:58  Queen  
  21  1:59  Evolution Chamber  
  22  2:02  Overlord  
  22  2:16  Extractor, Metabolic Boost  
  22  2:19  Drone  
  22  2:34  Queen  
  22  2:35  Zergling x4  
  24  2:53  Queen  
  24  2:55  Drone x2  
  28  3:05  Spine Crawler  
  27  3:20  Drone x2  
  27  3:25  Lair  
  29  3:29  Queen  
  31  3:38  Drone x3  
  34  3:43  Extractor, Drone  
  34  3:49  Zergling x4  
  34  3:50  Overlord  
  34  3:51  Overlord  
  35  4:31  Roach Warren  
  33  4:39  Drone  
  33  4:40  Drone x9, Overlord x2  
  33  4:41  Extractor  
  42  5:02  Spore Crawler  
  42  5:03  Drone x3  
  42  5:05  Drone x2  
  46  5:28  Spore Crawler  
  46  5:32  Overseer  
  45  5:36  Roach  
  45  5:37  Roach x5  
  57  5:44  Zergling x2  
  57  5:45  Zergling x6  
  61  5:54  Zergling x6  
Tags
 
Add a new tag
Caveats
  • Supply blocks, unpowered buildings, or Contaminate may cause inaccurate times.
  • Supply counts are checked every 10 seconds.